 Dungeon Crawl Stone Soup version 0.21.1-1-g345015fe64 (webtiles) character file.

403 Htamos the Magician (level 6, 0/45 HPs)
             Began as a Demigod Wizard on July 11, 2018.
             Slain by a hound (2 damage)
             ... on level 5 of the Dungeon.
             The game lasted 00:14:14 (6529 turns).

Htamos the Magician (Demigod Wizard)                Turns: 6529, Time: 00:14:15

Health: 0/45       AC:  2    Str: 10      XL:     6   Next: 29%
Magic:  17/17      EV: 12    Int: 26      God:
Gold:   147        SH:  0    Dex: 12 (14) Spells: 9/15 levels left

rFire    . . .     SeeInvis .   u - +6 war axe "Hellblazer" {holy, rC+ MR+}
rCold    + . .     Gourm    .   (no shield)
rNeg     . . .     Faith    .   a - +0 robe
rPois    .         Spirit   .   b - +0 hat
rElec    .         Reflect  .   (no cloak)
rCorr    .         Harm     .   (no gloves)
MR       +....                  (no boots)
Stlth    ++........             (no amulet)
HPRegen  0.15/turn              (no ring)
MPRegen  0.15/turn              (no ring)

@: no status effects
A: high mp 1
a: no special abilities


You were on level 5 of the Dungeon.
You were not hungry.

You visited 1 branch of the dungeon, and saw 5 of its levels.

You collected 147 gold pieces.

Inventory:

Hand Weapons
 m - a +2 dagger of venom
 u - the +6 war axe "Hellblazer" (weapon) {holy, rC+ MR+}
   (You found it on level 4 of the Dungeon)

   It has been blessed by the Shining One to cause great damage to the undead
   and demons.
   It protects you from cold.
   It affects your resistance to hostile enchantments.
Armour
 a - a +0 robe (worn)
 b - a +0 hat (worn)
 n - a +0 shield
 q - a +1 ring mail of cold resistance
Jewellery
 k - a cursed ring of teleportation {unknown}
Wands
 s - a wand of disintegration (15)
Scrolls
 e - 2 scrolls of teleportation {unknown}
 f - 2 scrolls of fear {unknown}
 i - 5 scrolls of remove curse {unknown}
 j - 2 scrolls of enchant armour {unknown}
 l - a scroll of magic mapping {unknown}
 o - 5 scrolls of identify {unknown}
 p - 2 scrolls of enchant weapon {unknown}
Potions
 g - a potion of heal wounds {unknown}
 h - a potion of curing {unknown}
 r - 2 potions of might {unknown}
Books
 c - a book of Minor Magic

   Spells                             Type                      Level
   a - Magic Dart                     Conjuration                  1
   b - Blink                          Translocation                2
   c - Call Imp                       Summoning                    2
   d - Slow                           Hexes                        2
   e - Conjure Flame                  Conjuration/Fire             3
   f - Mephitic Cloud                 Conjuration/Poison/Air       3
Comestibles
 d - 8 rations


   Skills:
 - Level 1.7 Dodging
 - Level 1.7 Stealth
 + Level 5.4 Spellcasting
 + Level 3.4 Conjurations
   Level 0.8 Summonings
 - Level 1.0 Translocations


You had 9 spell levels left.
You knew the following spells:

 Your Spells              Type           Power        Failure   Level  Hunger
a - Magic Dart            Conj           ###.         1%          1    None
b - Blink                 Tloc           N/A          8%          2    None
c - Conjure Flame         Conj/Fire      ###.....     11%         3    #......


Dungeon Overview and Level Annotations

Branches:
Dungeon (5/15)
 Temple: D:4-7

Annotations:
D:3 a124kun's ghost, amateur DsBe


Innate Abilities, Weirdness & Mutations

You have an increased reservoir of magic. (+10% MP)


Message History

Found 16 poisoned needles.
You see here 16 poisoned needles.
Found a stone staircase leading down.
All of the chunks of flesh in your inventory have rotted away.
The ogre shouts!
You hear a bark!
An adder comes into view.
The adder moves out of view.
The ogre closely misses you. The hound misses you. The hound bites you.
You barely miss the hound.
The adder hisses angrily.
You hit the ogre.
You hear a howl!
The ogre hits you with a giant spiked club!
The hound misses you. The hound bites you.
The ogre hits you with a giant spiked club!
* * * LOW HITPOINT WARNING * * *
You closely miss the hound. You hit the ogre. The hound closely misses you.
The hound bites you.
You die...

.. #. #####.
############ ..h..
#..........5
###...###
#.##########
#.......#######.#
##......Sh@.O.5..#
.......<..O......#
####...#########.#
#... #.# #.... #.#
#.#.# #O###### ##
#.#. #......# #.#
#. #.#.## ######O#
#. h.. ....O# #.#
#


You could see 2 ogres, a howler monkey, a hound, a crimson imp and an adder.

Vanquished Creatures
  A scorpion (D:4)
  A howler monkey (D:4)
  A quasit (D:5)
  2 orc wizards
  A bullfrog skeleton (D:4)
  A centaur skeleton (D:3)
  4 gnolls (D:4)
  3 adders
  An ooze (D:4)
  2 worms
  3 dart slugs (D:1)
  4 leopard geckos
  7 orcs
  3 ball pythons
  8 giant cockroaches
  9 goblins
  9 hobgoblins
  6 jackals
  2 quokkas
  7 bats
  8 frilled lizards
  A jackal zombie (D:3)
  2 kobolds
  4 rats
90 creatures vanquished.

Notes
Turn   | Place    | Note
-------+----------+-------------------------------------------
     0 | D:1      | Htamos the Demigod Wizard began the quest for the Orb.
     0 | D:1      | Reached XP level 1. HP: 14/14 MP: 6/6
   174 | D:1      | Reached skill level 3 in Spellcasting
   510 | D:1      | Reached XP level 2. HP: 20/20 MP: 5/8
   989 | D:1      | Learned a level 2 spell: Blink
  1177 | D:1      | Reached skill level 1 in Conjurations
  1519 | D:2      | Found a burning altar of Makhleb.
  1519 | D:2      | Noticed an ice beast
  1705 | D:2      | Reached XP level 3. HP: 21/26 MP: 0/11
  1811 | D:2      | Found a sacrificial altar of Ru.
  1822 | D:2      | Reached skill level 4 in Spellcasting
  1822 | D:2      | Reached skill level 1 in Translocations
  2176 | D:2      | Reached XP level 4. HP: 30/33 MP: 5/13
  2981 | D:1      | Learned a level 3 spell: Conjure Flame
  3392 | D:3      | Noticed a124kun's ghost (amateur DsBe)
  4341 | D:3      | Found a sparkling altar of Nemelex Xobeh.
  4517 | D:3      | Reached XP level 5. HP: 37/38 MP: 6/15
  4910 | D:4      | Reached skill level 5 in Spellcasting
  5545 | D:4      | Reached XP level 6. HP: 43/45 MP: 3/17
  5944 | D:4      | Got an iridescent war axe
  5945 | D:4      | Identified the +6 war axe "Hellblazer" {holy, rC+ MR+} (You found it on level 4 of the Dungeon)
  6263 | D:5      | Entered Level 5 of the Dungeon
  6528 | D:5      | HP: 2/45 [ogre/giant spiked club (16)]
  6529 | D:5      | Slain by a hound

Skill      XL: |  1  2  3  4  5 |
---------------+----------------+-----
Spellcasting   | 3 4 5 |  5.4
Conjurations   | 1 2 3 |  3.4
Translocations | 1 |  1.0
Dodging        | |  1.7
Stealth        | |  1.7
Summonings     | |  0.8

Action                   |  1- 3 |  4- 6 || total
-------------------------+-------+-------++-------
Melee: Unarmed           |    15 |       ||    15
       War axe           |       |     2 ||     2
 Cast: Magic Dart        |   100 |   206 ||   306
       Blink             |     3 |     7 ||    10
       Conjure Flame     |       |     1 ||     1
  Eat: Chunk             |     4 |    13 ||    17
Armor: Robe              |    11 |    10 ||    21
Dodge: Dodged            |    41 |    54 ||    95
